 Dungeon Crawl Stone Soup version 0.30-a0-1103-g25895a7845 (webtiles) character file.

Game seed: 11567795983347998509

2209 Kauriferous the Cleaver (level 9, -5/79 HPs)
             Began as a Minotaur Fighter on Apr 18, 2023.
             Was a Believer of Okawaru.
             Slain by an orc warrior
             ... wielding a +0 glaive
              (15 damage)
             ... in a bailey.
             The game lasted 00:18:51 (5626 turns).

Kauriferous the Cleaver (Minotaur Fighter)          Turns: 5626, Time: 00:18:52

Health: -5/79      AC: 11    Str: 31    XL:     9   Next: 13%
Magic:  0/8        EV: 10    Int:  5    God:    Okawaru [**....]
Gold:   467        SH:  6    Dex: 16    Spells: 8/8 levels left

rFire   . . .      SeeInvis .    a - +0 war axe
rCold   . . .      Faith    .    c - +0 buckler
rNeg    . . .      Spirit   +    v - +3 ring mail of the Falcon {Stlth+}
rPois   .          Reflect  .    (helmet restricted)
rElec   .          Rampage  .    q - +0 cloak
rCorr   .                        (no gloves)
Will    .....                    (no boots)
Stlth   ++                       s - amulet of guardian spirit
HPRegen 0.33/turn                p - +6 ring of dexterity
MPRegen 0.11/turn                D - +6 ring of strength

@: mighty
A: horns 2, retaliatory headbutt
a: Renounce Religion, Heroism


You were in a bailey.
You worshipped Okawaru.
Okawaru was pleased with you.
You visited 2 branches of the dungeon, and saw 8 of its levels.
You also visited: Bailey.

You collected 467 gold pieces.

Inventory:

Hand Weapons
 a - a +0 war axe (weapon)
Missiles
 m - 10 poisoned darts (quivered)
 r - a throwing net
Armour
 c - a +0 buckler (worn)
 e - a scarf of invisibility
 q - a +0 cloak (worn)
 v - the +3 ring mail of the Falcon (worn) {Stlth+}
   (You found it on level 5 of the Dungeon)

   Stlth:     It makes you more stealthy.
Jewellery
 p - a +6 ring of dexterity (left hand)
 s - an amulet of guardian spirit (around neck)
 y - a ring of positive energy
 D - a +6 ring of strength (right hand)
Wands
 E - a wand of flame (12)
 J - a wand of polymorph (9)
Scrolls
 b - 3 scrolls of blinking
 f - 3 scrolls of teleportation {unknown}
 j - a scroll of torment {unknown}
 n - 3 scrolls of immolation {unknown}
 o - 3 scrolls of amnesia {unknown}
 t - a scroll of magic mapping {unknown}
 u - a scroll of fog {unknown}
 x - 2 scrolls of enchant armour {unknown}
 B - 3 scrolls of enchant weapon {unknown}
 C - a scroll of brand weapon {unknown}
 G - a scroll of silence {unknown}
 I - a scroll of summoning {unknown}
Potions
 g - 5 potions of curing
 h - a potion of berserk rage
 i - 2 potions of magic
 k - 3 potions of lignification
 l - 2 potions of brilliance
 z - 2 potions of attraction
 A - a potion of mutation
 F - a potion of heal wounds
 H - a potion of invisibility
 K - a potion of ambrosia


   Skills:
 + Level 7.4 Fighting
 * Level 9.5 Axes
 + Level 7.3 Armour
 + Level 7.4 Shields


You had 8 spell levels left.
You didn't know any spells.
Your spell library contained the following spells:

 Spells                   Type           Power      Damage    Failure   Level
 Sublimation of Blood     Necr           0%         N/A       80%         2
 Petrify                  Tmut/Erth      0%         N/A       100%        4
 Irradiate                Conj/Tmut      0%         3d11      100%        5


Dungeon Overview and Level Annotations

Branches:
Dungeon (7/15)             Temple (1/1) D:6          Bailey (1/1)

Altars:
Cheibriados
Elyvilon
Fedhas
Makhleb
Okawaru
Qazlal
Trog
Uskayaw
Xom
Yredelemnul
Zin
The Shining One

Annotations:
D:4 2 transporters, Heh's ghost, amateur OpHW
D:5 Sigmund


Innate Abilities, Weirdness & Mutations

You have a pair of horns on your head.
You reflexively headbutt those who attack you in melee.


Message History

You are too injured to fight recklessly!
The orc hits you but does no damage. The orc hits you with a +0 halberd.
Things that are here:
a +0 glaive; a +0 plate armour You completely miss the orc.
You slash the orc!
You kill the orc!
Okawaru accepts your kill. The orc hits you but does no damage.
You closely miss the orc. You headbutt the orc.
The orc is moderately wounded.
The orc hits you but does no damage.
You slash the orc!
You kill the orc!
Okawaru accepts your kill.
The orc warrior hits you from afar with a +0 glaive!
* * * LOW HITPOINT WARNING * * *
An orc comes into view. It is wielding a +0 halberd.
Found 19 gold pieces.
The orc warrior hits you but does no damage.
Items here: )) [[ ††.
You completely miss the orc warrior.
The orc warrior hits you with a +0 glaive!
* * * LOW HITPOINT WARNING * * *
You feel much better.
The orc shouts!
You closely miss the orc warrior. You headbutt the orc warrior.
The orc warrior is lightly wounded.
The orc warrior hits you with a +0 glaive.
* * * LOW HITPOINT WARNING * * *
You slash the orc warrior!
The orc warrior is severely wounded.
The orc warrior hits you with a +0 glaive!
* * * LOW HITPOINT WARNING * * *
You don't have enough magic at the moment.
You feel very mighty all of a sudden. You block the orc warrior's attack.
You slash the orc warrior!
The orc warrior is almost dead.
The orc warrior hits you with a +0 glaive!
You die...

#### ##∩∩#
#..##
##).#
#o@##
.........#
~~~~~~~~.#
.......~.#
######.o.#
$$. #.~.#
.$. ..~.#
#. .~~.#


You could see an orc warrior and an orc.

Vanquished Creatures
  Pikel (D:6)
  Menkaure (D:6)
  An orc warrior (Bailey)
  An ogre (D:7)
  A centaur (D:6)
  2 phantoms
  2 lemures (D:6)
  Blork the orc (D:6)
  A scorpion (D:6)
  A gnoll sergeant (D:4)
  3 howler monkeys
  2 jellies (D:6)
  6 hounds
  A gnoll bouda (D:7)
  4 iguanas
  2 orc wizards (D:4)
  6 adders
  28 gnolls
  A worm (D:2)
  5 dart slugs
  31 orcs
  6 bats
  6 endoplasms
  3 giant cockroaches
  12 goblins
  14 hobgoblins
  10 jackals (D:4)
  4 quokkas
  6 ball pythons
  3 frilled lizards
  4 kobolds
  6 rats
175 creatures vanquished.

Vanquished Creatures (others)
  An iguana (D:4)
  3 plants
4 creatures vanquished.

Grand Total: 179 creatures vanquished

Notes
Turn   | Place    | Note
-------+----------+-------------------------------------------
     0 | D:1      | Kauriferous the Minotaur Fighter began the quest for the
                  | Orb.
     0 | D:1      | Reached XP level 1. HP: 19/19 MP: 0/0
   242 | D:1      | Reached XP level 2. HP: 26/27 MP: 1/1
   290 | D:1      | Reached skill level 3 in Axes
   709 | D:2      | Reached XP level 3. HP: 33/33 MP: 2/2
   906 | D:2      | Found a faded altar of an unknown god.
  1029 | D:2      | Found a shimmering altar of Xom.
  1384 | D:2      | Reached XP level 4. HP: 38/40 MP: 3/3
  1608 | D:3      | Reached skill level 4 in Axes
  1963 | D:3      | Reached XP level 5. HP: 28/47 MP: 4/4
  2076 | D:3      | Noticed a phantom
  2351 | D:4      | You fall into a shaft and drop 1 floor!
  2351 | D:5      | Entered Level 5 of the Dungeon
  2368 | D:5      | Noticed a phantom
  2380 | D:5      | Killed a phantom
  2381 | D:5      | Reached skill level 5 in Axes
  2381 | D:5      | Reached XP level 6. HP: 51/55 MP: 5/5
  2433 | D:5      | Identified the +3 ring mail of the Falcon {Stlth+}
  2591 | D:4      | Reached skill level 5 in Fighting
  2591 | D:4      | Reached skill level 5 in Armour
  2591 | D:4      | Reached skill level 5 in Shields
  2591 | D:4      | Found a faded altar of an unknown god.
  2591 | D:4      | Found a faded altar of an unknown god.
  2600 | D:4      | Found an iron altar of Okawaru.
  2602 | D:4      | Found a snail-covered altar of Cheibriados.
  2604 | D:4      | Found a stormy altar of Qazlal.
  2608 | D:4      | Became a worshipper of Warmaster Okawaru
  2742 | D:4      | Found a transporter.
  2758 | D:4      | Found a transporter.
  2761 | D:4      | Noticed Heh's ghost (amateur OpHW)
  3022 | D:4      | Reached skill level 6 in Axes
  3188 | D:4      | Reached XP level 7. HP: 61/61 MP: 6/6
  3216 | D:4      | Reached * piety under Okawaru
  3902 | D:4      | Reached skill level 7 in Axes
  4491 | D:5      | Noticed Sigmund
  4528 | D:6      | Noticed Pikel
  4541 | D:6      | Killed Pikel
  4542 | D:6      | Reached skill level 8 in Axes
  4542 | D:6      | Reached XP level 8. HP: 60/71 MP: 2/7
  4603 | D:6      | Noticed Blork the orc
  4610 | D:6      | Killed Blork the orc
  4676 | D:6      | Reached ** piety under Okawaru
  5065 | D:6      | Reached skill level 9 in Axes
  5153 | D:6      | Found a staircase to the Ecumenical Temple.
  5153 | D:6      | Noticed Menkaure
  5164 | D:6      | Killed Menkaure
  5411 | Temple   | Entered the Ecumenical Temple
  5501 | D:7      | Reached XP level 9. HP: 79/79 MP: 8/8
  5574 | D:7      | Found a flagged portal.
  5587 | Bailey   | Entered a bailey
  5626 | Bailey   | Slain by an orc warrior

Illustrated notes

Levels and vault maps discovered:
D:1:      dpeg_arrival_tiny_i, layout_loops_ring, minmay_crystal_water
D:2:      layout_basic, shapermc_ecumenical_altar_mp_urbaneastern, basic_altar,
          grunt_ministairs_12
D:3:      minmay_wonky_spiral, layout_basic, minmay_misc_feat_five
D:4:      lemuel_castle_with_subvaults [lemuel_castle_interior_carwin_3],
          layout_loops_corners, chequers_temple_overflow_minitemple,
          gammafunk_ghost_stat_death, nicolae_concentric_dashed_squares_mild,
          lemuel_flame_loot_1
D:5:      layout_gridville, serial_park_tiny_2, sigmund_edmund_badplayer
D:6:      nicolae_cairo_tiling, layout_rooms, minmay_temple_entry_nine_rooms,
          hex_tiny, kennysheep_generic_room_7, uniq_pikel, uniq_blork_the_orc,
          uniq_menkaure
D:7:      layout_cave_pools, nicolae_overflow_hallway_of_the_gods,
          hellmonk_ghost_happy_afterlife, enter_bailey_3, nrook_loot_triangle,
          uniq_duvessa
Temple:   hellmonk_temple_of_storms
Bailey:   bailey_polearm_1, bailey

Skill      XL: |  1  2  3  4  5  6  7  8 |
---------------+-------------------------+-----
Axes           | 3 4 5 6 8 9 |  9.5
Fighting       | 4 5 6 7 |  7.4
Armour         | 4 5 6 7 |  7.3
Shields        | 4 5 6 7 |  7.4

Action                     |  1- 3 |  4- 6 |  7- 9 || total
---------------------------+-------+-------+-------++-------
  Melee: War axe           |    79 |   140 |   171 ||   390
         Headbutt          |     7 |    24 |    41 ||    72
  Throw: Dart              |       |       |     5 ||     5
 Invoke: Heroism           |       |       |     1 ||     1
    Use: Scroll            |       |       |    12 ||    12
         Potion            |       |       |     2 ||     2
   Stab: Sleeping          |       |     2 |     1 ||     3
 Armour: Scale mail        |    39 |    29 |       ||    68
         Ring mail         |       |    32 |    66 ||    98
  Dodge: Dodged            |    44 |    66 |    76 ||   186
  Block: Buckler           |    11 |    39 |    56 ||   106

Table legend: (Time is in decaauts)
 A = Elapsed time spent in this place.
 B = Non-inter-level travel time spent in this place.
 C = Inter-level travel time spent in this place.
 D = Time resting spent in this place.
 E = Time spent auto-exploring this place.
 F = Levels seen in this place.
 G = Mean time per level.
                   A        B        C        D        E       F      G
               +--------+--------+--------+--------+--------+-----+--------+
         Total |   5728 |   5142 |    586 |    481 |   3291 |   9 |  636.4 |
       Dungeon |   5646 |   5066 |    580 |    481 |   3262 |   7 |  806.6 |
        Temple |     42 |     36 |      6 |      0 |     29 |   1 |   42.0 |
        Bailey |     39 |     39 |      0 |      0 |      0 |   1 |   39.0 |
               +--------+--------+--------+--------+--------+-----+--------+

Top non-repeatable levels by time:
     D:4: 2114 daAuts
     D:6: 936 daAuts
     D:2: 812 daAuts
     D:1: 691 daAuts
     D:3: 630 daAuts
     D:5: 368 daAuts
     D:7: 93 daAuts
  Temple: 42 daAuts
  Bailey: 39 daAuts
